 Dungeon Crawl Stone Soup version 0.27.0-1-g7a089689b8 (webtiles) character file.

Game seed: 15830745506728683093

130 trckry the Grasshopper (level 5, -1/50 HPs)
             Began as an Ogre Warper on Aug 14, 2021.
             Was a Believer of Yredelemnul.
             Succumbed to a scorpion's poison
             ... on level 3 of the Dungeon.
             The game lasted 00:08:15 (2989 turns).

trckry the Grasshopper (Ogre Warper)                Turns: 2989, Time: 00:08:16

Health: -1/50      AC:  3    Str: 15    XL:     5   Next: 13%
Magic:  4/8        EV:  9    Int: 15    God:    Yredelemnul [**....]
Gold:   104        SH:  0    Dex:  8    Spells: 3/8 levels left

rFire    . . .     SeeInvis .   a - +0 mace
rCold    . . .     Faith    .   (no shield)
rNeg     . . .     Spirit   .   b - +0 robe
rPois    .         Reflect  .   (helmet restricted)
rElec    .         Harm     .   (no cloak)
rCorr    .         Rampage  .   (gloves unavailable)
Will     .....                  (boots unavailable)
Stlth    +.........             (no amulet)
HPRegen  0.16/turn              (no ring)
MPRegen  0.11/turn              (no ring)

@: mighty, lethally poisoned (-1 -> -18)
A: large, unfitting armour, tough skin 1
a: Renounce Religion, Animate Remains, Recall Undead Slaves, Injury Mirror


You were on level 3 of the Dungeon.
You worshipped Yredelemnul.
Yredelemnul was pleased with you.
You visited 1 branch of the dungeon, and saw 4 of its levels.

You collected 104 gold pieces.

Inventory:

Hand Weapons
 a - a +0 mace (weapon)
Missiles
 d - a boomerang of dispersal (quivered)
 h - 5 silver boomerangs
Armour
 b - a +0 robe (worn)
Scrolls
 c - a scroll of blinking
Potions
 e - a potion of brilliance {unknown}
 f - a potion of lignification {unknown}
 i - a potion of might
 j - a potion of mutation {unknown}
 k - a potion of attraction {unknown}


   Skills:
 - Level 2.6 Fighting
 * Level 3.3 Maces & Flails
 - Level 1.0 Throwing
 - Level 2.1 Dodging
 - Level 2.4 Spellcasting
 + Level 3.9 Translocations
 + Level 1.5 Invocations


You had 3 spell levels left.
You knew the following spells:

 Your Spells              Type           Power      Damage    Failure   Level
a - Blink                 Tloc           N/A        N/A       6%          2
b - Gell's Gravitas       Tloc           6%         N/A       13%         3

Your spell library contained the following spells:

 Spells                   Type           Power      Damage    Failure   Level
 Lesser Beckoning         Tloc           6%         N/A       13%         3
 Teleport Other           Tloc           13%        N/A       13%         3
 Slow                     Hex            1%         N/A       32%         2
 Confusing Touch          Hex            1%         N/A       54%         3
 Manifold Assault         Tloc           13%        N/A       75%         5
 Airstrike                Air            0%         N/A       91%         4
 Ice Form                 Ice/Tmut       1%         N/A       91%         4
 Summon Lightning Spire   Summ/Air       1%         N/A       91%         4
 Summon Forest            Summ/Tloc      3%         N/A       95%         5
 Alistair's Intoxication  Tmut/Pois      0%         N/A       99%         5
 Lightning Bolt           Conj/Air       0%         1d11      99%         5
 Yara's Violent Unravell  Hex/Tmut       0%         3d3       99%         5


Dungeon Overview and Level Annotations

Branches:
Dungeon (4/15)
 Temple: D:4-7

Altars:
Yredelemnul


Innate Abilities, Weirdness & Mutations

You are too large for most types of armour.
You have tough skin. (AC +1)


Message History

You take 2 damage, and have 30/50 hp.
You now have 4/8 mp.
Throw: 4 boomerangs (disperse)
Press: ? - help, Q - select action, (/) - cycle Shift-Dir - straight line, f/p - scorpion
Aim: a scorpion (moderately wounded, 54% to hit)
You throw a boomerang of dispersal.
The boomerang of dispersal hits the scorpion but does no damage.
The scorpion is moderately wounded.
You feel very sick. The scorpion stings you.
You are more poisoned.
The scorpion poisons you!
You take 9 damage, and have 21/50 hp.
Throw: 3 boomerangs (disperse)
Press: ? - help, Q - select action, (/) - cycle Shift-Dir - straight line, f/p - scorpion
Aim: a scorpion (moderately wounded, 54% to hit)
You throw a boomerang of dispersal.
The boomerang of dispersal hits the scorpion but does no damage.
The scorpion is moderately wounded.
You feel very sick. The scorpion stings you.
* * * LOW HITPOINT WARNING * * *
You take 7 damage, and have 14/50 hp.
Throw: 2 boomerangs (disperse)
Press: ? - help, Q - select action, (/) - cycle Shift-Dir - straight line, f/p - scorpion
Aim: a scorpion (moderately wounded, 54% to hit)
You throw a boomerang of dispersal.
The boomerang of dispersal hits the scorpion but does no damage.
The scorpion is moderately wounded.
* * * LOW HITPOINT WARNING * * *
You feel very sick. The scorpion stings you!
* * * LOW HITPOINT WARNING * * *
You are more poisoned.
The scorpion poisons you!
The scorpion stings you but does no damage.
You take 11 damage, and have 3/50 hp.
MASSIVE DAMAGE!!
It was a potion of might.
You feel very mighty all of a sudden.
You die...
Your body rises from the dead as a mindless zombie.

#..## #...........#..##..Z##
#...# ##...###.....#.##.#######
....#####........###.(..#......).
#......##....#..##...>...........
#...............##...(...........
...#............##.......#.......
..............#..#.......#.......
........................(#>.#####
............#...@s...<.....######
.................................
.............................####
...............#.##...#......#
.................##...####...#
............##.#....#.## #...#
...........###.........#######
###.........##.#.###.#..#
##..รท....8...#..........##


You could see a scorpion.

Vanquished Creatures
  A hound (D:3)
  Natasha (D:2)
  2 adders
  A dart slug (D:1)
  6 orcs (D:3)
  3 endoplasms
  3 giant cockroaches
  2 goblins
  9 hobgoblins
  3 ball pythons
  5 bats
  3 frilled lizards
  4 kobolds
  4 rats
47 creatures vanquished.

Vanquished Creatures (collateral kills)
  A ball python (D:3)
  A goblin (D:3)
  A frilled lizard (D:3)
3 creatures vanquished.

Vanquished Creatures (others)
  An adder zombie (D:4)
  A goblin zombie (D:3)
  A hobgoblin zombie (D:3)
  A hound zombie (D:3)
  An orc zombie (D:3)
5 creatures vanquished.

Grand Total: 55 creatures vanquished

Notes
Turn   | Place    | Note
-------+----------+-------------------------------------------
     0 | D:1      | trckry the Ogre Warper began the quest for the Orb.
     0 | D:1      | Reached XP level 1. HP: 22/22 MP: 3/3
   389 | D:1      | Reached XP level 2. HP: 29/29 MP: 5/5
  1003 | D:1      | Found a faded altar of an unknown god.
  1007 | D:1      | Became a worshipper of Yredelemnul the Dark
  1007 | D:1      | Reached * piety under Yredelemnul
  1229 | D:2      | Got Foggulag's Incunabulum of Spatial Moulding
  1421 | D:2      | Reached XP level 3. HP: 36/36 MP: 6/6
  1732 | D:2      | Noticed Natasha
  1737 | D:2      | Killed Natasha
  1738 | D:2      | Reached XP level 4. HP: 35/44 MP: 7/7
  1751 | D:2      | Learned a level 2 spell: Blink
  1755 | D:2      | Learned a level 3 spell: Gell's Gravitas
  1883 | D:3      | Reached skill level 1 in Invocations
  2086 | D:3      | Reached ** piety under Yredelemnul
  2304 | D:3      | Reached XP level 5. HP: 46/50 MP: 8/8
  2988 | D:3      | HP: 3/50 [scorpion (7)]
  2989 | D:3      | Succumbed to a scorpion's poison

Illustrated notes

Levels and vault maps discovered:
D:1:      dpeg_chamrin_arrival_tetris, layout_basic,
          ebering_ecumenical_altar_box
D:2:      layout_basic, serial_curves, eino_curves_04, eino_curves_03,
          uniq_natasha
D:3:      layout_rooms, serial_park_tiny_pond, minmay_misc_feat_roman,
          minmay_surrounded
D:4:      layout_basic, temple_doors_e, minmay_curled_crystal,
          chequers_serial_rivers_micro_e

Skill      XL: |  1  2  3  4 |
---------------+-------------+-----
Maces & Flails | 2 3 |  3.3
Translocations | 3 |  3.9
Invocations    | 1 |  1.5
Fighting       | |  2.6
Throwing       | |  1.0
Dodging        | |  2.1
Spellcasting   | |  2.4

Action                   |  1- 3 |  4- 6 || total
-------------------------+-------+-------++-------
Melee: Mace              |    92 |    67 ||   159
Throw: Javelin           |     6 |    10 ||    16
       Boomerang         |       |    10 ||    10
 Cast: Blink             |       |     6 ||     6
Invok: Animate Remains   |       |     5 ||     5
  Use: Potion            |       |     1 ||     1
 Stab: Sleeping          |     1 |       ||     1
Armor: Robe              |    40 |    26 ||    66
Dodge: Dodged            |    47 |    38 ||    85
